Map: 烏瑞那

Players

Rose (Python)

  • Race: Zerg Zerg
  • League: Grandmaster

Fist - Winner!

  • Race: Zerg Zerg

Event: 2016 WCS Winter Challenger Taiwan

VOD

Have the link to the VOD?

Description

Time

  • Played on: Jan. 9, 2016, 5:43 a.m.
  • Length: 3:42

All games in this series

Show
View Real Time Build Order
Export as new Build Order

Rose Zerg 

Build Orders: Hatch First 

Get SALT Encoding   

  12  0:03  Drone  
  13  0:08  Drone  
  14  0:17  Overlord  
  14  0:22  Extractor  
  14  0:23  Drone  
  15  0:36  Drone x2  
  17  0:54  Hatchery  
  17  0:56  Drone  
  17  1:10  Spawning Pool  
  16  1:13  Extractor  
  16  1:14  Drone  
  16  1:18  Drone  
  17  1:22  Drone  
  18  1:32  Overlord  
  18  1:57  Spine Crawler, Queen  
  18  1:58  Zergling x4  
  21  2:01  Zergling x2  
  21  2:06  Zergling x2  
  23  2:09  Baneling Nest  
  23  2:12  Zergling x2  
  23  2:17  Zergling x2  
  24  2:28  Zergling x2  
  25  2:48  Drone  
  25  2:50  Queen  
  28  2:52  Baneling  
  28  2:54  Baneling  
  28  3:03  Zergling x4  
Show
View Real Time Build Order
Export as new Build Order

Fist Zerg - Winner!

Build Orders: Pool Only 

Get SALT Encoding   

  12  0:01  Drone  
  13  0:09  Drone  
  14  0:26  Spawning Pool  
  13  0:29  Drone  
  13  0:34  Extractor  
  13  0:39  Overlord  
  13  0:44  Drone  
  14  1:12  Zergling x4  
  14  1:13  Zergling x2, Queen  
  19  1:24  Zergling x2  
  20  1:34  Metabolic Boost  
  20  1:36  Zergling x2  
  21  1:46  Zergling x2  
  22  1:57  Baneling Nest, Overlord  
  21  2:07  Zergling x2  
  22  2:23  Zergling x8  
  26  2:32  Zergling x2  
  27  2:46  Baneling x2  
  27  2:49  Baneling x2  
  27  2:55  Drone  
  27  2:57  Drone x2  
  30  2:59  Baneling  
  25  3:22  Zergling x2  
  25  3:23  Zergling x4  
Tags
 
Add a new tag
Caveats
  • Supply blocks, unpowered buildings, or Contaminate may cause inaccurate times.
  • Supply counts are checked every 10 seconds.